 Dungeon Crawl Stone Soup version 0.20-a0-1122-gb7cbeb9 (webtiles) character file.

212 Kriby the Conjurer (level 5, 0/31 HPs)
             Began as an Octopode Wizard on May 12, 2017.
             Slain by a wyvern skeleton (16 damage)
             ... on level 6 of the Dungeon on May 13, 2017.
             The game lasted 00:12:00 (5097 turns).

Kriby the Conjurer (Octopode Wizard)                Turns: 5097, Time: 00:12:00

Health: 0/31       AC:  1    Str:  6    XL:     5   Next: 89%
Magic:  7/11       EV: 13    Int: 22    God:
Gold:   186        SH:  0    Dex: 10    Spells: 1/12 levels left

rFire    . . .     SeeInvis .   r - +0 whip (elec)
rCold    . . .     Gourm    .   (no shield)
rNeg     . . .     Faith    .   a - +0 hat
rPois    .         Spirit   .   s - amulet of regeneration
rElec    .         Reflect  .   u - ring of resist corrosion
rCorr    +         Harm     .   (no ring)
MR       .....                  (no ring)
Stlth    +++.......             (no ring)
Regen    0.5/turn               (no ring)
MPRegen  0.2/turn               (no ring)
                                (no ring)
                                (no ring)

@: no status effects
A: almost no armour, stealthy swim, amphibious, 8 rings, constrict 8, camouflage
1, gelatinous body 1
a: no special abilities


You were on level 6 of the Dungeon.
You were not hungry.

You visited 1 branch of the dungeon, and saw 5 of its levels.

You collected 186 gold pieces.

Inventory:

Hand Weapons
 r - a +0 whip of electrocution (weapon)
Armour
 a - a +0 hat (worn)
Jewellery
 s - an amulet of regeneration (around mantle)
 u - a ring of resist corrosion (left tentacle)
 y - an uncursed ring of magical power {unknown}
Scrolls
 e - 4 scrolls of recharging
 f - a scroll of enchant armour {unknown}
 g - a scroll of immolation {unknown}
 h - 2 scrolls of teleportation {unknown}
 i - 2 scrolls of random uselessness {unknown}
 k - 3 scrolls of identify
 o - a scroll of amnesia {unknown}
 t - a scroll of fear {unknown}
 w - a scroll of noise {unknown}
 x - a scroll of fog {unknown}
Potions
 l - 5 potions of curing {unknown}
 m - 2 potions of lignification {unknown}
 n - 2 potions of ambrosia {unknown}
 p - a potion of brilliance
 q - a potion of haste {unknown}
 z - a potion of agility {unknown}
Books
 b - a book of Minor Magic

   Spells                             Type                      Level
   a - Magic Dart                     Conjuration                  1
   b - Blink                          Translocation                2
   c - Call Imp                       Summoning                    2
   d - Slow                           Hexes                        2
   e - Conjure Flame                  Conjuration/Fire             3
   f - Mephitic Cloud                 Conjuration/Poison/Air       3
Comestibles
 c - 2 bread rations
 d - 3 meat rations
 j - a royal jelly


   Skills:
 - Level 2.1 Dodging
 - Level 2.6 Stealth
 + Level 4.1 Spellcasting
 + Level 4.2 Conjurations
 - Level 1.0 Summonings
 - Level 1.0 Translocations
 * Level 0.8 Air Magic
 - Level 1.0 Poison Magic


You had one spell level left.
You knew the following spells:

 Your Spells              Type           Power        Failure   Level  Hunger
a - Magic Dart            Conj           ###.         1%          1    None
b - Conjure Flame         Conj/Fire      ##......     14%         3    ##.....
c - Call Imp              Summ           #.......     11%         2    #......
d - Mephitic Cloud        Conj/Pois/Air  ##......     14%         3    ##.....
T - Blink                 Tloc           N/A          11%         2    #......


Dungeon Overview and Level Annotations

Branches:
Dungeon (4/15)
 Temple: D:4-7

Altars:

Annotations:
D:2 Robin


Innate Abilities, Weirdness & Mutations

You cannot wear most types of armour.
You are very stealthy in the water. (Stealth+)
You are amphibious.
You can wear up to eight rings at the same time.
You can use your tentacles to constrict eight enemies at once.
Your skin changes colour to match your surroundings (Stealth+).
Your rubbery body absorbs attacks. (AC +1, EV +1)


Message History

The wyvern skeleton is moderately damaged.
Casting: Magic Dart
Confirm with . or Enter, or press ? or * to list all spells.
Aiming: Magic Dart
Press: ? - help, Shift-Dir - straight line, f/p - wyvern skeleton
Aim: a wyvern skeleton (moderately damaged)
The magic dart hits the wyvern skeleton.
The wyvern skeleton is moderately damaged.
The wyvern skeleton bites you!
Ouch! That really hurt!
Casting: Magic Dart
Confirm with . or Enter, or press ? or * to list all spells.
Aiming: Magic Dart
Press: ? - help, Shift-Dir - straight line, f/p - wyvern skeleton
Aim: a wyvern skeleton (moderately damaged)
The magic dart hits the wyvern skeleton.
The wyvern skeleton is heavily damaged.
The wyvern skeleton bites you!
Ouch! That really hurt!
You die...

........#..
#.......#.
#........ #
#.......#
.#.#.......# #
...........#..#
.......Z......#
#....[@...#
####......#
##....#....
##.##.#### ###
##


You could see a wyvern skeleton.

Vanquished Creatures
  A centaur skeleton (D:4)
  3 gnolls (D:3)
  7 adders
  3 worms (D:2)
  2 dart slugs
  4 leopard geckos
  8 orcs (D:3)
  2 giant cockroaches (D:3)
  9 goblins
  6 hobgoblins
  A jackal (D:2)
  A quokka (D:3)
  A ball python (D:4)
  10 bats
  3 frilled lizards
  6 kobolds
  6 rats
73 creatures vanquished.

Vanquished Creatures (collateral kills)
  A gnoll (D:3)
  3 orcs (D:3)
  2 jackals (D:2)
  A bat (D:2)
  A goblin (D:2)
  A kobold (D:2)
9 creatures vanquished.

Grand Total: 82 creatures vanquished

Notes
Turn   | Place    | Note
-------+----------+-------------------------------------------
     0 | D:1      | Kriby the Octopode Wizard began the quest for the Orb.
     0 | D:1      | Reached XP level 1. HP: 11/11 MP: 4/4
   257 | D:1      | Reached XP level 2. HP: 17/17 MP: 1/6
   329 | D:1      | Learned a level 2 spell: Blink
   748 | D:1      | Learned a level 2 spell: Call Imp
  1096 | D:2      | Reached XP level 3. HP: 21/21 MP: 3/7
  1098 | D:2      | Noticed Robin
  1753 | D:2      | Reached XP level 4. HP: 22/27 MP: 0/9
  1762 | D:2      | Learned a level 3 spell: Conjure Flame
  3703 | D:3      | Reached XP level 5. HP: 31/31 MP: 2/10
  4761 | D:4      | Learned a level 3 spell: Mephitic Cloud
  5006 | D:4      | Reached skill level 1 in Poison Magic
  5093 | D:4      | You fall through a shaft for 2 floors!
  5097 | D:6      | Slain by a wyvern skeleton

Vault maps used:
D:1:      kennysheep_arrival_seaside, minmay_pentomino_r2
D:2:      first_bread, uniq_robin
D:4:      uniq_edmund
D:6:      lemuel_zombie_altar_yredelemnul, makhleb_blood_cavern_becter

Skill      XL: |  1  2  3  4  5 |
---------------+----------------+-----
Conjurations   | 2 3 4 |  4.2
Spellcasting   | 4 |  4.1
Poison Magic   | 1 |  1.0
Dodging        | |  2.1
Stealth        | |  2.6
Summonings     | |  1.0
Translocations | |  1.0
Air Magic      | |  0.8

Action                   |  1- 3 |  4- 6 || total
-------------------------+-------+-------++-------
Melee: Dagger            |     4 |     2 ||     6
       Constrict         |     1 |     4 ||     5
       Tentacles         |     1 |       ||     1
       Whip              |       |    10 ||    10
 Cast: Magic Dart        |    69 |   120 ||   189
       Blink             |     2 |     1 ||     3
       Call Imp          |     1 |    16 ||    17
       Conjure Flame     |       |     3 ||     3
  Use: Potion            |     2 |       ||     2
       Scroll            |       |     2 ||     2
 Stab: Distracted        |       |     1 ||     1
  Eat: Chunk             |     2 |    11 ||    13
Armor: Skin              |       |     3 ||     3
Dodge: Dodged            |    16 |    20 ||    36
